 Dungeon Crawl Stone Soup version 0.30-a0-743-gbfdf073431 (webtiles) character file.

Game seed: 6042606284943641580

487 Chaicat the Trooper (level 6, -1/58 HPs)
             Began as a Minotaur Fighter on Feb 6, 2023.
             Slain by a wight
             ... wielding a +0 long sword
              (5 damage)
             ... on level 4 of the Dungeon.
             The game lasted 00:07:31 (2462 turns).

Chaicat the Trooper (Minotaur Fighter)              Turns: 2462, Time: 00:07:31

Health: -1/58      AC: 12    Str: 23    XL:     6   Next: 89%
Magic:  5/5        EV: 10    Int:  5    God:
Gold:   150        SH:  4    Dex:  9    Spells: 5/5 levels left

rFire   . . .      SeeInvis .    a - +1 war axe (venom)
rCold   . . .      Faith    .    c - +0 buckler
rNeg    + . .      Spirit   .    i - +4 ring mail
rPois   +          Reflect  .    (helmet restricted)
rElec   .          Harm     .    m - +0 cloak
rCorr   .          Rampage  .    n - +0 pair of gloves
Will    .....                    (no boots) Stlth
                                 (no amulet)
HPRegen 0.29/turn                g - ring of poison resistance
MPRegen 0.09/turn                j - ring of positive energy

@: no status effects
A: horns 2, retaliatory headbutt
a: no special abilities


You were on level 4 of the Dungeon.
You visited 1 branch of the dungeon, and saw 4 of its levels.

You collected 150 gold pieces.

Inventory:

Hand Weapons
 a - a +1 war axe of venom (weapon)
Armour
 c - a +0 buckler (worn)
 i - a +4 ring mail (worn)
 m - a +0 cloak (worn)
 n - a +0 pair of gloves (worn)
Jewellery
 g - a ring of poison resistance (left hand)
 j - a ring of positive energy (right hand)
Scrolls
 h - a scroll of fear
 q - a scroll of identify
Potions
 b - a potion of haste {unknown}
 d - a potion of might
 e - 2 potions of lignification
 f - a potion of heal wounds
 k - 2 potions of magic
 l - 2 potions of brilliance {unknown}
 o - a potion of degeneration {unknown}
 p - 2 potions of curing {unknown}


   Skills:
 * Level 6.4 Fighting
 + Level 4.5 Axes
 + Level 5.3 Armour
 + Level 5.3 Shields


You had 5 spell levels left.
You didn't know any spells.
Your spell library contained the following spells:

 Spells                   Type           Power      Damage    Failure   Level
 Freeze                   Ice            0%         1d3       71%         1
 Frozen Ramparts          Ice            0%         1d1       97%         3
 Hailstorm                Conj/Ice       0%         3d3       97%         3


Dungeon Overview and Level Annotations

Branches:
Dungeon (4/15)
 Temple: D:4-7

Altars:

Shops:
D:2 (


Innate Abilities, Weirdness & Mutations

You have a pair of horns on your head.
You reflexively headbutt those who attack you in melee.


Message History

You are too injured to fight recklessly!
You are too injured to fight recklessly!
You slash the wight!
The wight is severely damaged.
You block the wight's attack. The wight hits you with a +2 scimitar!
You barely miss the wight. You headbutt the wight.
You destroy the wight!
You hit the wight but do no damage.
The wight hits you with a +0 great sword!
* * * LOW HITPOINT WARNING * * *
You partially resist.
You feel drained.
* * * LOW HITPOINT WARNING * * *
Your life force feels restored.
You hit the wight. Your headbutt misses the wight.
The wight is lightly damaged.
You hit the wight. You block the wight's attack.
The wight completely misses you.
You closely miss the wight. Your headbutt misses the wight.
The wight is lightly damaged.
You hit the wight but do no damage. The wight hits you but does no damage.
You block the wight's attack. The wight closely misses you.
The wight hits you with a +0 great sword.
* * * LOW HITPOINT WARNING * * *
You barely miss the wight. Your headbutt misses the wight.
The wight is lightly damaged.
You hit the wight. The wight hits you but does no damage.
The wight closely misses you. You furiously retaliate!
You headbutt the wight.
You destroy the wight!
You slash the wight! Your headbutt misses the wight.
The wight is severely damaged.
The wight hits you but does no damage.
The wight hits you with a +0 long sword.
* * * LOW HITPOINT WARNING * * *
You barely miss the wight.
The wight is severely damaged.
You block the wight's attack.
You barely miss the wight. Your headbutt misses the wight.
The wight is severely damaged.
The wight hits you with a +0 long sword.
You die...

#.....##.....##..##
##.##.##..........#
. ...
#.##..........#..
####
#......#......>.#
..#.....)........
.........#)......#
.#.....#.#.#####..
#.....#.#)#
#.###.#.#@# . #z#z#
#.#.# ....# #.. #.#
... ..#


You could see a wight.

Vanquished Creatures
  Sigmund (D:2)
  4 wights (D:4)
  Crazy Yiuf (D:2)
  3 adders
  A worm (D:3)
  3 dart slugs
  6 endoplasms
  A giant cockroach (D:2)
  3 goblins
  4 hobgoblins
  4 kobolds
  2 quokkas (D:2)
  A ball python (D:1)
  2 bats
  6 frilled lizards
  21 rats
63 creatures vanquished.

Notes
Turn   | Place    | Note
-------+----------+-------------------------------------------
     0 | D:1      | Chaicat the Minotaur Fighter began the quest for the Orb.
     0 | D:1      | Reached XP level 1. HP: 19/19 MP: 0/0
   257 | D:1      | Reached XP level 2. HP: 26/27 MP: 1/1
   928 | D:2      | Reached skill level 4 in Fighting
   938 | D:2      | Reached XP level 3. HP: 25/33 MP: 2/2
  1049 | D:2      | Noticed Sigmund
  1054 | D:2      | Killed Sigmund
  1055 | D:2      | Reached skill level 5 in Fighting
  1055 | D:2      | Reached XP level 4. HP: 41/42 MP: 3/3
  1055 | D:2      | Reached XP level 5. HP: 47/48 MP: 4/4
  1065 | D:2      | Found a runed translucent door.
  1066 | D:2      | Noticed Crazy Yiuf
  1134 | D:2      | Found Urerr's Weapon Shop.
  1507 | D:2      | Killed Crazy Yiuf
  2423 | D:4      | Reached XP level 6. HP: 57/57 MP: 5/5
  2445 | D:4      | Reached skill level 5 in Armour
  2445 | D:4      | Reached skill level 5 in Shields
  2447 | D:4      | Reached skill level 6 in Fighting
  2462 | D:4      | Slain by a wight

Illustrated notes

Levels and vault maps discovered:
D:1:      lightli_arrival_lavapool, layout_basic, corner_web_ring
D:2:      layout_rooms, serial_shops, nicolae_shop_stone,
          minmay_misc_feat_nine_boxes, minmay_rat_hole, uniq_crazy_yiuf_cottage,
          uniq_sigmund
D:3:      layout_basic, amcnicky_mini_pool_small
D:4:      layout_basic, serial_shops, shop, uniq_eustachio

Skill      XL: |  1  2  3  4  5  6 |
---------------+-------------------+-----
Fighting       | 4 5 6 |  6.4
Armour         | 4 5 |  5.3
Shields        | 4 5 |  5.3
Axes           | 3 4 |  4.5

Action                     |  1- 3 |  4- 6 || total
---------------------------+-------+-------++-------
  Melee: War axe           |    59 |    79 ||   138
         Headbutt          |     6 |    12 ||    18
    Use: Scroll            |     4 |     6 ||    10
 Armour: Scale mail        |    38 |    10 ||    48
         Ring mail         |       |    17 ||    17
  Dodge: Dodged            |    16 |    35 ||    51
  Block: Buckler           |    12 |    19 ||    31

Table legend: (Time is in decaauts)
 A = Elapsed time spent in this place.
 B = Non-inter-level travel time spent in this place.
 C = Inter-level travel time spent in this place.
 D = Time resting spent in this place.
 E = Time spent auto-exploring this place.
 F = Levels seen in this place.
 G = Mean time per level.
                   A        B        C        D        E       F      G
               +--------+--------+--------+--------+--------+-----+--------+
         Total |   2511 |   2408 |    103 |    206 |   1796 |   4 |  627.8 |
       Dungeon |   2511 |   2408 |    103 |    206 |   1796 |   4 |  627.8 |
               +--------+--------+--------+--------+--------+-----+--------+

Top non-repeatable levels by time:
     D:1: 934 daAuts
     D:2: 788 daAuts
     D:3: 740 daAuts
     D:4: 47 daAuts
